 Dungeon Crawl Stone Soup version 0.29.0-4-gdea44cf6ec (webtiles) character file.

Game seed: 16938065609922695867

30 qw the Sneak (level 3, -2/23 HPs)
             Began as a Gargoyle Delver on Sept 10, 2022.
             Killed by nerve-wracking pain
             ... invoked by a shadow imp
             ... summoned by Eustachio
              (3 damage)
             ... on level 5 of the Dungeon.
             The game lasted 00:00:03 (68 turns).

qw the Sneak (Gargoyle Delver)                        Turns: 68, Time: 00:00:04

Health: -2/23      AC:  6    Str: 17    XL:     3   Next: 20%
Magic:  3/3        EV: 11    Int: 10    God:
Gold:   0          SH:  0    Dex: 11    Spells: 2/2 levels left

rFire   . . .      SeeInvis .   a - +0 hand axe
rCold   . . .      Faith    .   (no shield)
rNeg    + . .      Spirit   .   b - +0 leather armour
rPois   inf        Reflect  .   (no helmet)
rElec   +          Harm     .   (no cloak)
rCorr   .          Rampage  .   (no gloves)
Will    .....                   (no boots)
Stlth   +++.......              (no amulet)
HPRegen 0.07/turn               (no ring)
MPRegen 0.08/turn               (no ring)

@: no status effects
A: sickness immunity, AC +3, negative energy resistance 1, electricity
resistance, torment resistance 1, petrification resistance
a: no special abilities


You were on level 5 of the Dungeon.
You visited 1 branch of the dungeon, and saw 1 of its levels.


Innate Abilities, Weirdness & Mutations

You are immune to sickness and miasma.
Your stone body is resilient. (AC +3)
You are immune to poison.
You resist negative energy. (rN+)
You are resistant to electric shocks. (rElec)
You are resistant to unholy torment.
You are immune to petrification.


   Skills:
 - Level 3.2 Fighting
 + Level 3.2 Axes
 - Level 1.5 Dodging
 - Level 5.4 Stealth


You had 2 spell levels left.
You didn't know any spells.
Your spell library was empty.

Inventory:

Hand Weapons
 a - a +0 hand axe (weapon)
Armour
 b - a +0 leather armour (worn)
Wands
 g - a wand of digging (3)
Potions
 f - a potion of haste

Dungeon Overview and Level Annotations

Branches:
Dungeon (5/15)
 Temple: D:4-7

Altars:

Shops:
D:5 **

Annotations:
D:5 Eustachio


Message History

The hound bites you. The hound bites you but does no damage.
You closely miss the hound.
The hound is almost dead.
You hit the iron imp. The hound misses you. The iron imp hits you.
You hit the hound.
You kill the hound!
You hit the iron imp. The iron imp barely misses you.
Eustachio gestures wildly while chanting.
Eustachio blinks!
Your Axes skill gained 2 levels and is now at level 3!
You have reached level 2!
You have reached level 3!
Your experience leads to an increase in your attributes!
Increase (S)trength, (I)ntelligence, or (D)exterity?
You feel stronger. x2
You hit the iron imp.
The iron imp is moderately wounded.
You closely miss the shadow imp.
The iron imp hits you but does no damage.
You hit the iron imp but do no damage.
The iron imp is moderately wounded.
You hit the shadow imp but do no damage.
The shadow imp hits you but does no damage.
The iron imp hits you!
You hit the iron imp but do no damage.
The iron imp is moderately wounded.
You hit the shadow imp but do no damage.
The shadow imp puffs mist at you. The shadow imp misses you.
The iron imp hits you.
You hit the iron imp.
The iron imp is heavily wounded.
You hit the shadow imp.
Eustachio mumbles some strange words.
Eustachio blinks!
The shadow imp hits you but does no damage.
The iron imp hits you. The shadow imp gestures at you.
Pain shoots through your body!
You die...

.......... ...
.........#.......
........#........
..¤..?.........#
#.............# #
#<..5...$.....###..
#55##............
.####@....##........
............##........
#....##.....##...#
+... ##+##?##...# ####
#.. #......?#####~~~~~
#. #...#.#...#.......
. #########..¤#~~~~~
##8\8#...#+#######
#...............##


You could see an iron imp (summoned), a shadow imp (summoned) and an ufetubus
(summoned).

Vanquished Creatures
  A hound (D:5)
  A quokka (D:5)
2 creatures vanquished.

Notes
Turn   | Place    | Note
-------+----------+-------------------------------------------
     0 | D:5      | qw the Gargoyle Delver began the quest for the Orb.
     0 | D:5      | Reached XP level 1. HP: 14/14 MP: 1/1
     0 | D:5      | 0 ||| qw: Version: 0.1-a-116-g5d60599
     0 | D:5      | 0 ||| qw: Game counter: 7945
     0 | D:5      | 0 ||| qw: Always use a shield: true
     0 | D:5      | 0 ||| qw: God list: Okawaru
     0 | D:5      | 0 ||| qw: Allow faded altars: false
     0 | D:5      | 0 ||| qw: Do Orc after D:15 true
     0 | D:5      | 0 ||| qw: Do second Lair branch before Depths: true
     0 | D:5      | 0 ||| qw: Lair rune preference: random
     0 | D:5      | 0 ||| qw: Plans: Normal
     0 | D:5      | 0 ||| PLANNING D:1-11
     4 | D:5      | Found Irynwoi's Specific Store.
     4 | D:5      | Found Muexosyffu's General Store.
    13 | D:5      | 13 ||| SHOPLISTING potion of curing (30 gold, have 0).
    13 | D:5      | 13 ||| SHOPLISTING scroll of enchant weapon (75 gold, have
                  | 0).
    30 | D:5      | 30 ||| Stepping ~*~*~tactically~*~*~ (stealth).
    33 | D:5      | 33 ||| DROPPING scroll of fog.
    34 | D:5      | 34 ||| DROPPING scroll of magic mapping.
    35 | D:5      | 35 ||| Stepping ~*~*~tactically~*~*~ (stealth).
    36 | D:5      | 36 ||| Stepping ~*~*~tactically~*~*~ (stealth).
    37 | D:5      | 37 ||| DROPPING scroll of fear.
    38 | D:5      | 38 ||| Stepping ~*~*~tactically~*~*~ (stealth).
    39 | D:5      | 39 ||| Stepping ~*~*~tactically~*~*~ (stealth).
    50 | D:5      | Noticed a hound
    56 | D:5      | Noticed Eustachio
    60 | D:5      | Noticed an iron imp
    64 | D:5      | Killed a hound
    65 | D:5      | Reached skill level 3 in Axes
    65 | D:5      | Reached XP level 2. HP: 11/19 MP: 2/2
    65 | D:5      | Reached XP level 3. HP: 14/23 MP: 3/3
    68 | D:5      | HP: 1/23 [iron imp[Eustachio] (5)]
    68 | D:5      | Killed from afar by a shadow imp

Levels and vault maps discovered:
D:5:      layout_basic, okawaru_metal_pillars_1_2,
          amcnicky_mini_rare_corridor_liquid, nicolae_specific_store,
          uniq_crazy_yiuf_cottage, uniq_eustachio

Skill      XL: |  1 |
---------------+----+-----
Axes           | 3 |  3.2
Fighting       | |  3.2
Dodging        | |  1.5
Stealth        | |  5.4

Action                   || total
-------------------------++-------
Melee: Hand axe          ||    16
Armor: Leather armour    ||     8
Dodge: Dodged            ||    14

Table legend:
 A = Non-vault XP
 B = Vault XP
 C = Vault XP percentage of total XP
 D = Non-vault monster count
 E = Vault monster count
 F = Vault count percentage of total count
                 A         B        C        D         E       F
            +---------+---------+-------+---------+---------+-------
      Total |      44 |       0 |   0.0 |       2 |       0 |   0.0
            +---------+---------+-------+---------+---------+-------
        D:5 |      44 |       0 |   0.0 |       2 |       0 |   0.0
            +---------+---------+-------+---------+---------+-------
